 Dungeon Crawl Stone Soup version 0.19-a0-1193-g2641e52 (webtiles) character file.

222 epen the Poker (level 5, -2/43 HPs)
             Began as a Merfolk Monk on Aug 19, 2016.
             Was a Believer of the Shining One.
             Slain by a big kobold
             ... wielding a +0 club
              (4 damage)
             ... on level 3 of the Dungeon.
             The game lasted 00:03:08 (1534 turns).

epen the Poker (Merfolk Monk)                       Turns: 1534, Time: 00:03:09

Health: -2/43      AC:  2    Str: 10 (13) XL:     5   Next: 99%
Magic:  5/5        EV: 14    Int:  7 (9)  God:    the Shining One [**....]
Gold:   97         SH:  0    Dex: 15 (16) Spells: 0 memorised, 4 levels left

rFire  . . .     SeeInvis .     a - +0 spear
rCold  + . .     Gourm    .     g - -1 leather armour (curse)
rNeg   + . .     Faith    .     (no shield)
rPois  .         Spirit   .     (no helmet)
rElec  .         Dismiss  .     (no cloak)
rCorr  .         Reflect  .     (no gloves)
MR     .....     Harm     .     (no boots)
Stlth  +.........               f - amulet of regeneration
                                (no ring)
                                e - ring of protection from cold (curse)

@: glowing
A: change form in water, swift swim
a: Divine Shield, Renounce Religion


You were on level 3 of the Dungeon.
You worshipped the Shining One.
The Shining One was pleased with you.
You were not hungry.

You visited 1 branch of the dungeon, and saw 3 of its levels.

You collected 97 gold pieces.

Inventory:

Hand Weapons
 a - a +0 spear (weapon)
Armour
 b - a +0 robe
 g - a cursed -1 leather armour (worn)
Jewellery
 e - a cursed ring of protection from cold (left hand)
 f - an amulet of regeneration (around neck)
 o - a cursed ring of teleportation {unknown}
 s - an uncursed amulet of faith {unknown}
Wands
 k - a wand of flame (25/48)
Scrolls
 i - a scroll of enchant weapon {unknown}
 j - a scroll of random uselessness {unknown}
 m - a scroll of fog
 n - a scroll of immolation {unknown}
 q - a scroll of identify {unknown}
Potions
 h - a potion of ambrosia {unknown}
 l - a potion of heal wounds {unknown}
 p - a potion of magic {unknown}
 r - a potion of curing {unknown}
Books
 u - a book of Summonings

   Spells                             Type                      Level
   a - Recall                         Summoning/Translocation      3
   b - Aura of Abjuration             Summoning                    5
   c - Summon Demon                   Summoning                    5
   d - Summon Forest                  Summoning/Translocation      5
   e - Summon Mana Viper              Hexes/Summoning              5
   f - Shadow Creatures               Summoning                    6
Comestibles
 c - 2 bread rations


   Skills:
 + Level 4.3 Fighting
 + Level 5.4 Polearms
 * Level 2.6 Armour
 + Level 5.1 Dodging
 - Level 2.1 Stealth
 * Level 0.0 Invocations


You had 4 spell levels left.
You didn't know any spells.

Dungeon Overview and Level Annotations

Branches:
Dungeon (3/15)

Altars:
The Shining One


Message History

You barely miss the big kobold.
The big kobold is almost dead.
The big kobold hits you with a club.
* * * LOW HITPOINT WARNING * * *
Okay, then.
You hit the big kobold but do no damage.
The big kobold is almost dead.
The kobold hits you with a club.
* * * LOW HITPOINT WARNING * * *
The big kobold hits you with a club.
* * * LOW HITPOINT WARNING * * *
It was a potion of degeneration.
There was something very wrong with that liquid.
You feel weakened.
You feel dopey.
You feel clumsy. The kobold hits you with a club.
* * * LOW HITPOINT WARNING * * *
The big kobold hits you with a club.
* * * LOW HITPOINT WARNING * * *
The big kobold hits you with a club.
You die...

#### #############
########... ......#....^##
##......#...
......K......###.......#...
########..(....#........##'#
#........KK....#.......(..(#
+.........K@...)......(...(#
#..............#........(.(#
########.......#........##)#
.....()(....(.###.......#().
......)#.....## ##......#(..
############## ########((.
####


You could see a big kobold and 3 kobolds.

Vanquished Creatures
  2 big kobolds (D:3)
  2 adders (D:2)
  An ooze (D:2)
  2 worms (D:2)
  2 dart slugs (D:1)
  2 giant geckos
  5 bats
  8 goblins
  3 hobgoblins (D:1)
  2 jackals (D:2)
  A quokka (D:2)
  2 giant newts (D:1)
  24 kobolds
  4 rats (D:1)
60 creatures vanquished.

Notes
Turn   | Place    | Note
-------+----------+-------------------------------------------
     0 | D:1      | epen the Merfolk Monk began the quest for the Orb.
     0 | D:1      | Reached XP level 1. HP: 18/18 MP: 1/1
   177 | D:1      | Reached XP level 2. HP: 24/24 MP: 2/2
   361 | D:1      | Reached skill level 1 in Armour
   512 | D:1      | Reached XP level 3. HP: 28/29 MP: 3/3
   857 | D:2      | Found a glowing golden altar of the Shining One.
   863 | D:2      | Became a worshipper of the Shining One
   863 | D:2      | Reached * piety under the Shining One
   863 | D:2      | Reached ** piety under the Shining One
   975 | D:2      | Reached XP level 4. HP: 32/37 MP: 4/4
  1378 | D:3      | Noticed a big kobold
  1378 | D:3      | Noticed a big kobold
  1410 | D:3      | Killed a big kobold
  1410 | D:3      | Reached skill level 5 in Polearms
  1410 | D:3      | Reached XP level 5. HP: 25/42 MP: 2/5
  1419 | D:3      | Killed a big kobold
  1419 | D:3      | Reached skill level 5 in Dodging
  1502 | D:3      | Noticed a big kobold
  1531 | D:3      | HP: 1/43 [kobold/club (3)]
  1534 | D:3      | Slain by a big kobold

Vault maps used:
D:1:      dpeg_arrival_water_fire
D:2:      nicolae_tso_carved_into_rock
D:3:      minmay_goblin_kobold_castle, evilmike_ruin_ashenzari,
          ecumenical_altar_2, nicolae_gozag_cash_rules_everything_around_me

Skill      XL: |  1  2  3  4  5 |
---------------+----------------+-----
Armour         | 1 2 |  2.6
Fighting       | 4 |  4.3
Polearms       | 5 |  5.4
Dodging        | 5 |  5.1
Stealth        | |  2.1

Action                   |  1- 3 |  4- 6 || total
-------------------------+-------+-------++-------
Melee: Spear             |    98 |   129 ||   227
Invok: Divine Shield     |       |     1 ||     1
  Use: Scroll            |     2 |       ||     2
       Potion            |       |     1 ||     1
 Stab: Sleeping          |     5 |       ||     5
  Eat: Chunk             |       |     2 ||     2
Armor: Leather armour    |     6 |     6 ||    12
Dodge: Dodged            |    44 |    70 ||   114
Block: Other             |       |     2 ||     2
